 Dungeon Crawl Stone Soup version 0.31.0-11-ge490571c62 (webtiles) character file.

Game seed: 8439144548584772769

9709 Chadlywick the Geomancer (level 11, 0/55 HPs)
             Began as a Gargoyle Earth Elementalist on Feb 8, 2024.
             Was a Believer of Sif Muna.
             Slain by an elephant (8 damage)
             ... on level 1 of the Lair of Beasts.
             The game lasted 00:55:17 (12444 turns).

Chadlywick the Geomancer (GrEE)                    Turns: 12444, Time: 00:55:18

Health: 0/55       AC: 16    Str: 11    XL:     11   Next: 50%
Magic:  1/18       EV: 11    Int: 21    God:    Sif Muna [**....]
Gold:   595        SH:  5    Dex: 16    Spells: 12/20 levels left

rFire   . . .        E - staff of earth
rCold   . . .        (no shield)
rNeg    + . .        I - +0 troll leather armour
rPois   ∞            F - +0 helmet
rElec   +            y - +0 cloak {Will+}
rCorr   .            k - +2 pair of gloves
SInv    .            (no boots)
Will    ++...        l - amulet of reflection
Stlth   ++           j - ring of willpower
HPRegen 1.09/turn    r - +6 ring of dexterity
MPRegen 0.16/turn

%: reflection
@: no status effects
A: sickness immunity, AC +8, negative energy resistance 1, electricity
resistance, torment resistance 1, petrification resistance
a: Renounce Religion, Channel Magic


You were on level 1 of the Lair of Beasts.
You worshipped Sif Muna.
Sif Muna was pleased with you.
You visited 3 branches of the dungeon, and saw 11 of its levels.

You collected 595 gold pieces.

Inventory:

Hand Weapons
 o - a +7 spear of freezing
 v - a +7 dagger of holy wrath
Armour
 k - a +2 pair of gloves (worn)
 y - a +0 cloak of willpower (worn)
 F - a +0 helmet (worn)
 I - a +0 troll leather armour (worn)
Magical Staves
 E - a staff of earth (weapon)
Jewellery
 j - a ring of willpower (left hand)
 l - an amulet of reflection (around neck)
 r - a +6 ring of dexterity (right hand)
 B - a ring of ice
 H - a ring of fire
Wands
 m - a wand of quicksilver (38)
 n - a wand of flame (7)
 t - a wand of polymorph (9)
 x - a wand of iceblast (2)
Scrolls
 a - a scroll of summoning {unknown}
 c - 9 scrolls of teleportation
 d - a scroll of vulnerability {unknown}
 e - a scroll of fog {unknown}
 g - 2 scrolls of enchant weapon
 h - a scroll of brand weapon {unknown}
 p - a scroll of identify
 s - a scroll of fear {unknown}
 C - 3 scrolls of enchant armour {unknown}
 G - a scroll of revelation {unknown}
Potions
 b - 3 potions of magic
 f - 4 potions of haste
 i - 3 potions of curing
 q - a potion of attraction
 u - 2 potions of mutation
 w - 2 potions of enlightenment {unknown}
 z - a potion of berserk rage {unknown}
 A - 2 potions of invisibility {unknown}


   Skills:
 - Level 0.4 Fighting
 - Level 1.5 Dodging
 - Level 2.1 Stealth
 - Level 0.1 Shields
 * Level 5.1 Spellcasting
 + Level 11.7 Conjurations
 + Level 6.6 Fire Magic
 + Level 13.8 Earth Magic


You had 12 spell levels left.
You knew the following spells:

 Your Spells              Type           Power      Damage    Failure   Level
a - Sandblast             Erth           100%       2d20      1%          1
b - Stone Arrow           Conj/Erth      100%       3d13      1%          3
c - Flame Wave            Conj/Fire      43%        2d11      3%          4

Your spell library contained the following spells:

 Spells                   Type           Power      Damage    Failure   Level
 Sting                    Conj/Alch      100%       1d9       1%          1
 Scorch                   Fire           66%        2d7       1%          2
 Static Discharge         Conj/Air       58%        3-6/arc   1%          2
 Passwall                 Erth           77%        N/A       1%          3
 Brom's Barrelling Bould  Conj/Erth      73%        2d9       1%          4
 Hailstorm                Conj/Ice       29%        3d8       3%          3
 Petrify                  Alch/Erth      51%        N/A       9%          4
 Inner Flame              Hex/Fire       19%        N/A       11%         3
 Apportation              Tloc           10%        N/A       14%         1
 Necrotise                Necr           20%        1d5       14%         1
 Summon Small Mammal      Summ           20%        N/A       14%         1
 Sticky Flame             Fire/Alch      19%        2d6       34%         4
 Summon Ice Beast         Ice/Summ       5%         N/A       38%         3
 Vampiric Draining        Necr           5%         2d6       38%         3
 Airstrike                Air            2%         2d(1-17)  80%         4
 Martyr's Knell           Necr/Summ      5%         N/A       80%         4
 Summon Lightning Spire   Summ/Air       5%         N/A       80%         4
 Vhi's Electric Charge    Tloc/Air       10%        N/A       80%         4
 Curse of Agony           Necr           5%         N/A       98%         5
 Sculpt Simulacrum        Ice/Alch       2%         N/A       100%        6
 Summon Cactus Giant      Summ           2%         N/A       100%        6


Dungeon Overview and Level Annotations

Branches:
Dungeon (9/15)             Temple (1/1) D:7            Lair (1/5) D:9
    Orc: D:9-12

Altars:
Ashenzari
Cheibriados
Dithmenos
Elyvilon
Fedhas
Gozag
Hepliaklqana
Kikubaaqudgha
Makhleb
Nemelex Xobeh
Okawaru
Qazlal
Sif Muna
Trog
Uskayaw
Vehumet
Wu Jian
Xom
Yredelemnul
Zin
The Shining One

Shops:
D:6 :

Annotations:
D:8 exclusion: door, Maurice


Innate Abilities, Weirdness & Mutations

You are immune to sickness and miasma.
Your stone body is resilient. (AC +8)
You are immune to poison.
You resist negative energy. (rN+)
You are resistant to electric shocks. (rElec)
You are resistant to unholy torment.
You are immune to petrification.


Message History

You hold your ground!
The elephant completely misses you. The elephant closely misses you.
The elephant trunk-slaps you but does no damage.
The elephant misses you. The elephant closely misses you.
A wave of flame ripples out!
The flame wave engulfs the elephant!
The elephant is heavily wounded.
The flame wave engulfs the elephant!
The elephant is almost dead.
The flame wave engulfs the elephant!
The elephant is almost dead.
You finish channelling waves of flame.
The elephant tramples you but does no damage.
The elephant trunk-slaps you.
* * * LOW HITPOINT WARNING * * *
The elephant tramples you but does no damage.
The elephant trunk-slaps you but does no damage.
The elephant misses you.
The elephant trunk-slaps you but does no damage.
Found an escape hatch in the floor.
The elephant tramples you.
* * * LOW HITPOINT WARNING * * *
You stumble backwards!
Found a stone staircase leading down.
The elephant attacks as it pursues you! The elephant closely misses you.
The elephant trunk-slaps you but does no damage.
Casting: Flame Wave (dangerous; 3% risk of failure)
Confirm with . or Enter, or press ? or * to list all spells.
Casting: Flame Wave (dangerous; 3% risk of failure)
Press: ? - help, Dir - look around, f - activate A wave of flame ripples out!
The flame wave engulfs the elephant!
You kill the elephant!
Sif Muna accepts your kill. (Press . to intensify the flame waves.)
Your Spellcasting skill increases to level 5!
Without enough magic to sustain them, the waves of flame dissipate.
The elephant tramples you!
* * * LOW HITPOINT WARNING * * *
You stumble backwards!
Found a potion of attraction.
The elephant attacks as it pursues you! The elephant tramples you!
You die...

.....+.....#
........>..#...... .#
.....P.....#.....+ .#
#..###.....#.....# ..#
...........# ....# ..#
...........# ...#...#
...........####.##...#
..÷÷.................#
..<............Y@....#
..÷÷..........Y......#
.#####.....#.#####...#
'####.....#...... ..!#
....##........... #.#
....##....#....... .#
.....#....#....... #
....##......>>..^.
....#...(.#......


You could see 2 elephants.

Vanquished Creatures
  Erica (D:8)
  2 elephants (Lair:1)
  2 cane toads (Lair:1)
  2 trolls (D:8)
  Grinder (D:6)
  17 yaks
  2 wyverns
  A steam dragon (D:8)
  A water moccasin (D:8)
  4 acid dragons
  2 ice beasts
  A sky beast (D:8)
  Duvessa (D:6)
  8 orc warriors
  A black bear (D:6)
  An ogre (D:5)
  3 centaurs
  2 phantoms
  A kobold brigand (D:9)
  7 bullfrogs
  5 scorpions
  A wight (D:8)
  Dowan (D:6)
  4 killer bees (D:9)
  A bombardier beetle (D:5)
  4 hounds
  4 jellies
  A gnoll bouda (D:5)
  Crazy Yiuf (D:6)
  5 orc priests
  3 iguanas
  A sleepcap (D:8)
  6 orc wizards
  Robin (D:4)
  9 gnolls
  7 adders
  A shadow imp (D:6)
  2 white imps
  2 ufetubi (D:5)
  2 dart slugs
  2 ribbon worms (D:2)
  54 orcs
  6 endoplasms
  A giant cockroach (D:2)
  15 goblins
  4 hobgoblins
  2 jackals (D:2)
  4 quokkas
  11 ball pythons
  A bat (D:1)
  5 frilled lizards
  11 kobolds
  3 rats
240 creatures vanquished.

Notes
Turn   | Place    | Note
-------+----------+-------------------------------------------
     0 | D:1      | Chadlywick the Gargoyle Earth Elementalist began the quest
                  | for the Orb.
     0 | D:1      | Reached XP level 1. HP: 10/10 MP: 3/3
   163 | D:1      | Reached skill level 4 in Earth Magic
   231 | D:1      | Reached XP level 2. HP: 15/15 MP: 1/5
  1008 | D:2      | Reached XP level 3. HP: 19/19 MP: 2/6
  1164 | D:2      | Reached skill level 5 in Earth Magic
  1282 | D:2      | Reached XP level 4. HP: 8/24 MP: 1/7
  1423 | D:2      | Reached skill level 6 in Earth Magic
  2134 | D:3      | Reached XP level 5. HP: 23/28 MP: 3/8
  2138 | D:3      | Reached skill level 7 in Earth Magic
  2331 | D:3      | Learned a level 3 spell: Stone Arrow
  2521 | D:3      | Found a glowing golden altar of the Shining One.
  2785 | D:3      | Found an ornate altar of the Wu Jian Council.
  2785 | D:3      | Found a blossoming altar of Fedhas.
  2902 | D:3      | Got the Handbook of the Storm and Battling
  3136 | D:3      | Reached XP level 6. HP: 32/32 MP: 7/9
  3325 | D:4      | Reached skill level 8 in Earth Magic
  3474 | D:4      | Noticed Robin
  3718 | D:4      | Killed Robin
  3975 | D:4      | Reached skill level 9 in Earth Magic
  4185 | D:4      | Reached XP level 7. HP: 36/36 MP: 7/10
  4711 | D:5      | Entered Level 5 of the Dungeon
  5189 | D:5      | Reached skill level 10 in Earth Magic
  5569 | D:5      | Reached XP level 8. HP: 40/42 MP: 6/11
  5960 | D:6      | Noticed Grinder
  5977 | D:6      | Killed Grinder
  5978 | D:6      | Reached skill level 5 in Conjurations
  5978 | D:6      | Reached skill level 11 in Earth Magic
  6416 | D:6      | Noticed Dowan
  6417 | D:6      | Reached XP level 9. HP: 46/46 MP: 10/12
  6441 | D:6      | Noticed Duvessa
  6448 | D:6      | Killed Duvessa
  6449 | D:6      | Reached skill level 1 in Fire Magic
  6450 | D:6      | Killed Dowan
  6579 | D:6      | Found Geja's Book Emporium.
  7078 | D:6      | Found a sparkling altar of Nemelex Xobeh.
  7246 | D:6      | Found a runed translucent door.
  7247 | D:6      | Noticed Crazy Yiuf
  7251 | D:6      | Killed Crazy Yiuf
  7865 | D:7      | Found a staircase to the Ecumenical Temple.
  7935 | Temple   | Entered the Ecumenical Temple
  7963 | Temple   | Became a worshipper of Sif Muna the Loreminder
  8408 | D:8      | Reached skill level 12 in Earth Magic
  9159 | D:8      | Noticed a troll
  9165 | D:8      | Killed a troll
  9255 | D:8      | Reached XP level 10. HP: 51/51 MP: 8/13
  9374 | D:8      | Noticed Erica
  9382 | D:8      | Killed Erica
  9732 | D:8      | Reached skill level 10 in Conjurations
  9771 | D:8      | Noticed Maurice
 10237 | D:9      | Reached skill level 5 in Fire Magic
 10365 | D:9      | Reached skill level 13 in Earth Magic
 10529 | D:9      | Found a staircase to the Lair.
 10691 | D:9      | Found a bloodstained altar of Trog.
 10717 | D:9      | Learned a level 4 spell: Flame Wave
 11049 | D:9      | Reached * piety under Sif Muna
 11294 | D:9      | HP: 1/51 [orc warrior/+0 dire flail (12)]
 11517 | Lair:1   | Entered Level 1 of the Lair of Beasts
 11654 | Lair:1   | Noticed a cane toad
 11658 | Lair:1   | Killed a cane toad
 11659 | Lair:1   | Reached XP level 11. HP: 55/55 MP: 3/16
 11983 | Lair:1   | Reached ** piety under Sif Muna
 12440 | Lair:1   | Reached skill level 5 in Spellcasting
 12444 | Lair:1   | Slain by an elephant

Illustrated notes

Levels and vault maps discovered:
D:1:      lightli_arrival_chessboard, layout_basic
D:2:      layout_basic
D:3:      layout_basic, tso_oasis_becter, gammafunk_temple_overflow_elements,
          st_stairs_1
D:4:      layout_cave_pools, serial_co_window_serial, co_window_paths_a,
          co_window_paths_a, co_window_paths_a, co_window_of_opportunity_a,
          co_window_corner_a, co_window_corner_a, co_window_corner_a,
          co_window_paths_b, co_window_paths_a, co_window_paths_c,
          co_window_paths_c, co_window_of_opportunity_b, co_window_4corner_b,
          co_window_4corner_a, glass_columns_c, glass_columns_c,
          glass_columns_b, uniq_robin
D:5:      layout_loops_ring, minmay_puff
D:6:      layout_basic, general_overflow_altar, serial_shops,
          kennysheep_mini_moat, uniq_grinder, uniq_crazy_yiuf_cottage,
          uniq_duvessa
D:7:      layout_basic, minmay_temple_entry_offerings, nicolae_underground_beach
D:8:      minmay_razor_zed, layout_layer_cave, uniq_maurice, uniq_erica,
          uniq_maggie
D:9:      layout_roguey, trog_butcher_becter, lair_entry_dummy, special_room
          [special_room_orc]
Temple:   regret_index_temple_sphere_string
Lair:1:   layout_regular_city, gauntlet_entry_generic

Skill      XL: |  1  2  3  4  5  6  7  8  9 10 11 |
---------------+----------------------------------+-----
Earth Magic    | 4 5 6 7 9 10 11 12 13 | 13.8
Conjurations   | 2 6 9 11 | 11.7
Fire Magic     | 3 5 6 |  6.6
Spellcasting   | 3 5 |  5.1
Fighting       | |  0.4
Dodging        | |  1.5
Stealth        | |  2.1
Shields        | |  0.1

Action                     |  1- 3 |  4- 6 |  7- 9 | 10-12 || total
---------------------------+-------+-------+-------+-------++-------
  Melee: Spear             |       |     1 |     9 |       ||    10
         Staff             |       |       |       |     1 ||     1
   Cast: Sandblast         |    30 |   112 |   121 |   102 ||   365
         Stone Arrow       |       |       |    11 |    26 ||    37
         Flame Wave        |       |       |       |    10 ||    10
  Evoke: Wand              |       |       |       |     2 ||     2
    Use: Scroll            |       |       |     6 |     1 ||     7
         Potion            |       |       |       |     2 ||     2
 Armour: Robe              |     8 |    22 |    44 |     1 ||    75
         Troll leather arm |       |       |       |   115 ||   115
  Dodge: Dodged            |     7 |    15 |    44 |    58 ||   124
  Block: Other             |       |     5 |    21 |    24 ||    50
         Reflection        |       |       |     4 |     1 ||     5
